 Dungeon Crawl Stone Soup version 0.29-a0-330-g52719c12eb (webtiles) character file.

Game seed: 9400627552749365515

53 kae the Ruffian (level 3, -9/28 HPs)
             Began as a Draconian Transmuter on May 16, 2022.
             Mangled by an ogre
             ... wielding a +0 giant club
              (34 damage)
             ... on level 2 of the Dungeon.
             The game lasted 00:01:21 (1603 turns).

kae the Ruffian (Draconian Transmuter)              Turns: 1603, Time: 00:01:22

Health: -9/28      AC:  5    Str: 12    XL:     3   Next: 62%
Magic:  6/6        EV: 12    Int: 15    God:
Gold:   35         SH:  0    Dex: 11    Spells: 0/6 levels left

rFire   . . .      SeeInvis .     - Unarmed
rCold   . . .      Faith    .   (no shield)
rNeg    . . .      Spirit   .   (body armour unavailable)
rPois   .          Reflect  .   (helmet currently unavailable)
rElec   .          Harm     .   (no cloak)
rCorr   .          Rampage  .   (no gloves)
Will    .....                   (boots currently unavailable)
Stlth   +.........              (no amulet)
HPRegen 0.09/turn               (no ring)
MPRegen 0.10/turn               (no ring)

@: appendages
A: horns 2, talons 2, AC +5, unfitting armour, cold-blooded
a: End Transformation


You were on level 2 of the Dungeon.
You had temporarily grown beastly horns and talons.
You visited 1 branch of the dungeon, and saw 2 of its levels.

You collected 35 gold pieces.

Inventory:

Potions
 a - a potion of lignification
 b - a potion of attraction {unknown}
 c - a potion of curing
 d - a potion of might {unknown}
 e - a potion of invisibility {unknown}
 f - a potion of resistance {unknown}
 g - a potion of haste {unknown}
 h - a potion of ambrosia {unknown}


   Skills:
 - Level 1.1 Fighting
 - Level 1.7 Dodging
 + Level 3.5 Unarmed Combat
 + Level 2.4 Spellcasting
 * Level 3.2 Transmutations


You couldn't memorise any spells.
You knew the following spells:

 Your Spells              Type           Power      Damage    Failure   Level
a - Beastly Appendage     Tmut           22%        N/A       6%          1
b - Wereblood             Tmut           11%        N/A       9%          2
c - Spider Form           Tmut/Pois      6%         N/A       32%         3

Your spell library contained the following spells:

 Spells                   Type           Power      Damage    Failure   Level
 Ice Form                 Ice/Tmut       6%         N/A       73%         4
 Blade Hands              Tmut           5%         N/A       85%         5
 Irradiate                Conj/Tmut      3%         3d14      97%         5
 Dragon Form              Tmut           5%         N/A       100%        7


Dungeon Overview and Level Annotations

Branches:
Dungeon (2/15)

Altars:
Beogh


Innate Abilities, Weirdness & Mutations

You have temporarily grown beastly horns and talons.
Your plain brown scales are hard. (AC +5)
You cannot fit into any form of body armour.
You are cold-blooded and may be slowed by cold attacks.


Message History

The bat misses you.
You miss the bat.
The endoplasm quivers.
The bat closely misses you.
A bat is nearby!
A bat is nearby!
Casting: Beastly Appendage (safe; 6% risk of failure)
Confirm with . or Enter, or press ? or * to list all spells.
You grow a pair of large bovine horns.
Your feet morph into talons.
The bat hits you but does no damage. The bat barely misses you.
Found a stone staircase leading up.
The bat hits you. The endoplasm freezes you.
You are frozen.
You feel yourself slow down.
You hit the endoplasm but do no damage. You headbutt the endoplasm.
You kill the endoplasm!
The bat barely misses you.
You feel yourself speed up. The bat hits you but does no damage.
An ogre comes into view. It is wielding a +0 giant club.
Found 5 gold pieces.
The ogre shouts!
The bat hits you.
You barely miss the bat. Your headbutt misses the bat.
The bat hits you but does no damage.
A bat is nearby!
The bat hits you but does no damage. The bat hits you but does no damage.
There are monsters nearby!
The bat barely misses you.
You see here the +3 leather armour of Evolution {-Tele rF+ rN++ Int+3}.
The bat barely misses you.
You see here a scroll labelled VIAHEKLIMAH.
There are monsters nearby!
You hit the ogre. Your kick misses the ogre. Your headbutt misses the ogre.
The ogre is lightly wounded.
The bat closely misses you.
The ogre hits you with a +0 giant club!!
Ouch! That really hurt!
You die...

... #.##.# ## .
######.##.# ##..
#.....[...# ...#
#.###..##.# ....
# #......## )...
##.###..#.# ####
..##
..........#....#
....
.##............#
..##
......#[@O#....
..#
......#.!.#....
..# ....###..b#
... .## ....
<....# . .. #.#
##.$#.# #.
#....# #..###
#..#


You could see an ogre and a bat.

Vanquished Creatures
  An adder (D:2)
  A worm (D:2)
  2 ball pythons
  5 endoplasms
  3 giant cockroaches (D:1)
  4 hobgoblins
  6 jackals (D:1)
  A quokka (D:2)
  5 bats (D:1)
  A frilled lizard (D:1)
  3 kobolds
  5 rats (D:1)
37 creatures vanquished.

Notes
Turn   | Place    | Note
-------+----------+-------------------------------------------
     0 | D:1      | kae the Draconian Transmuter began the quest for the Orb.
     0 | D:1      | Reached XP level 1. HP: 16/16 MP: 3/3
   412 | D:1      | Reached XP level 2. HP: 20/23 MP: 5/5
   543 | D:1      | Learned a level 2 spell: Wereblood
  1096 | D:1      | Reached XP level 3. HP: 26/28 MP: 4/6
  1100 | D:1      | Learned a level 3 spell: Spider Form
  1134 | D:1      | Found a faded altar of an unknown god.
  1233 | D:1      | Identified a scroll of acquirement
  1233 | D:1      | Acquired a book of Transfigurations
  1597 | D:2      | Noticed an ogre
  1601 | D:2      | Identified the +3 leather armour of Evolution {-Tele rF+
                  | rN++ Int+3}
  1603 | D:2      | Mangled by an ogre

Illustrated notes

Levels and vault maps discovered:
D:1:      minmay_arrival_widening_spiral_wide, layout_loops_ring,
          hellmonk_ecumenical_altar_defaced_shrine, minmay_misc_feat_room,
          patterned_corridor
D:2:      layout_basic, kennysheep_generic_room_9, uniq_natasha

Skill      XL: |  1  2  3 |
---------------+----------+-----
Transmutations | 3 |  3.2
Fighting       | |  1.1
Dodging        | |  1.7
Unarmed Combat | |  3.5
Spellcasting   | |  2.4

Action                   || total
-------------------------++-------
Melee: Unarmed           ||   102
       Kick              ||    21
       Tailslap          ||    10
       Headbutt          ||     9
       Punch             ||     2
 Cast: Beastly Appendage ||    16
  Use: Scroll            ||     3
Armor: Skin              ||    47
Dodge: Dodged            ||    90

Table legend: (Time is in decaauts)
 A = Elapsed time spent in this place.
 B = Non-inter-level travel time spent in this place.
 C = Inter-level travel time spent in this place.
 D = Time resting spent in this place.
 E = Time spent auto-exploring this place.
 F = Levels seen in this place.
 G = Mean time per level.
                   A        B        C        D        E       F      G
               +--------+--------+--------+--------+--------+-----+--------+
         Total |   1600 |   1577 |     23 |    116 |   1220 |   2 |  800.0 |
       Dungeon |   1600 |   1577 |     23 |    116 |   1220 |   2 |  800.0 |
               +--------+--------+--------+--------+--------+-----+--------+

Top non-repeatable levels by time:
     D:1: 1256 daAuts
     D:2: 344 daAuts
